 Dungeon Crawl Stone Soup version 0.30-a0-571-gdf30a72648 (webtiles) character file.

Game seed: 4885224516684181813

18 Newt the Shooter (level 2, 0/17 HPs)
             Began as a Kobold Hunter on Dec 29, 2022.
             Slain by Terence
             ... wielding a +0 flail
              (3 damage)
             ... on level 2 of the Dungeon.
             The game lasted 00:00:48 (1177 turns).

Newt the Shooter (Kobold Hunter)                    Turns: 1177, Time: 00:00:48

Health: 0/17       AC:  3    Str:  8    XL:     2   Next: 90%
Magic:  4/4        EV: 14    Int: 10    God:
Gold:   66         SH:  0    Dex: 18    Spells: 3/3 levels left

rFire   . . .      SeeInvis .    a - +0 shortbow
rCold   . . .      Faith    .    (shield currently unavailable)
rNeg    . . .      Spirit   .    c - +0 leather armour
rPois   .          Reflect  .    (no helmet)
rElec   .          Harm     .    (no cloak)
rCorr   .          Rampage  .    (no gloves)
Will    .....                    (no boots)
Stlth   +++                      (no amulet)
HPRegen 0.22/turn                (no ring)
MPRegen 0.09/turn                (no ring)

@: brilliant
A: small, no large weapons, nightstalker 3
a: no special abilities


You were on level 2 of the Dungeon.
You visited 1 branch of the dungeon, and saw 2 of its levels.

You collected 66 gold pieces.

Inventory:

Hand Weapons
 a - a +0 shortbow (weapon)
Armour
 c - a +0 leather armour (worn)
Scrolls
 b - a scroll of immolation
 d - 2 scrolls of teleportation
 f - a scroll of identify {unknown}
Potions
 e - a potion of heal wounds {unknown}
 g - a potion of degeneration {unknown}
 h - a potion of brilliance
 i - a potion of ambrosia {unknown}


   Skills:
 - Level 2.1 Fighting
 - Level 5.3 Ranged Weapons
 - Level 2.4 Dodging
 + Level 2.8 Stealth
 + Level 1.4 Spellcasting


You had 3 spell levels left.
You didn't know any spells.
Your spell library was empty.

Dungeon Overview and Level Annotations

Branches:
Dungeon (2/15)

Altars:

Annotations:
D:2 Terence


Innate Abilities, Weirdness & Mutations

You are small and have problems with some larger weapons.
You are completely attuned to the shadows.


Message History

No target in view!
No target in view!
No target in view!
You see here a +0 rapier.
d - 2 scrolls of teleportation (gained 1)
h - 2 pink potions (gained 1)
Found 8 stones.
Found a spear.
You see here a +0 robe.
You see here a +0 spear.
Found 7 stones.
No target in view!
No target in view!
You see here 8 stones.
Found a stone staircase leading down.
There is a stone staircase leading down here.
Found a plate armour.
Terence the Incautious comes into view.
He is wielding a +0 flail.
Terence is nearby!
You shoot an arrow. The arrow hits Terence.
Terence shouts!
Terence is lightly wounded.
You shoot an arrow. The arrow hits Terence.
Terence is moderately wounded.
You shoot an arrow. The arrow barely misses Terence.
Terence hits you with a +0 flail.
You shoot an arrow. The arrow barely misses Terence.
Terence barely misses you.
You shoot an arrow. The arrow hits Terence.
Terence is heavily wounded.
Terence asks, "Do you want it fast or slow?"
Terence barely misses you. x2
You shoot an arrow. The arrow hits Terence.
Terence is severely wounded.
Terence hits you with a +0 flail!
Ouch! That really hurt!
* * * LOW HITPOINT WARNING * * *
It was a potion of brilliance.
You feel clever all of a sudden. Terence hits you with a +0 flail.
You die...

....##.................#..#..†.).
.........##.#####.............###
............# ####.........####
.....(...###########.##...##.....
...............#.............##..
.(.#.....#####>............###...
.........# ###.............#...
.......### #........#.##..... ..
#@.........###.... ....@.... ...#
###.. ####..... ..# #... #[....
#... #..... #... ##..


You could see Terence.

Vanquished Creatures
  A worm (D:2)
  3 bats
  3 endoplasms
  A goblin (D:2)
  A kobold (D:2)
  3 ball pythons
  A frilled lizard (D:1)
  4 rats
17 creatures vanquished.

Notes
Turn   | Place    | Note
-------+----------+-------------------------------------------
     0 | D:1      | Newt the Kobold Hunter began the quest for the Orb.
     0 | D:1      | Reached XP level 1. HP: 12/12 MP: 1/1
   701 | D:1      | Reached skill level 1 in Spellcasting
   701 | D:1      | Reached XP level 2. HP: 9/17 MP: 3/3
  1170 | D:2      | Noticed Terence
  1177 | D:2      | Slain by Terence

Illustrated notes

Levels and vault maps discovered:
D:1:      amcnicky_arrival_choice, layout_loops_ring, kennysheep_doodads
D:2:      layout_rooms, ebering_dispersal_statue_hall, uniq_terence

Skill      XL: |  1 |
---------------+----+-----
Stealth        | 2 |  2.8
Spellcasting   | 1 |  1.4
Fighting       | |  2.1
Ranged Weapons | |  5.3
Dodging        | |  2.4

Action                   || total
-------------------------++-------
 Fire: Shortbow          ||    50
  Use: Scroll            ||     3
       Potion            ||     1
Armor: Leather armour    ||     6
Dodge: Dodged            ||    25

Table legend: (Time is in decaauts)
 A = Elapsed time spent in this place.
 B = Non-inter-level travel time spent in this place.
 C = Inter-level travel time spent in this place.
 D = Time resting spent in this place.
 E = Time spent auto-exploring this place.
 F = Levels seen in this place.
 G = Mean time per level.
                   A        B        C        D        E       F      G
               +--------+--------+--------+--------+--------+-----+--------+
         Total |   1190 |   1170 |     20 |    237 |    820 |   2 |  595.0 |
       Dungeon |   1190 |   1170 |     20 |    237 |    820 |   2 |  595.0 |
               +--------+--------+--------+--------+--------+-----+--------+

Top non-repeatable levels by time:
     D:1: 907 daAuts
     D:2: 283 daAuts
